 Dungeon Crawl Stone Soup version 0.27.0-1-g7a089689b8 (webtiles) character file.

Game seed: 13407730157122636476

132 inmateoo the Skirmisher (level 4, -1/38 HPs)
             Began as a Demonspawn Venom Mage on Aug 2, 2021.
             Slain by an orc warrior (10 damage)
             ... on level 5 of the Dungeon.
             The game lasted 00:04:00 (2540 turns).

inmateoo the Skirmisher (Demonspawn Venom Mage)     Turns: 2540, Time: 00:04:00

Health: -1/38      AC:  2    Str:  8    XL:     4   Next: 92%
Magic:  0/7        EV: 12    Int: 17    God:
Gold:   60         SH:  0    Dex: 14    Spells: 1/7 levels left

rFire    . . .     SeeInvis .   d - staff of air
rCold    . . .     Faith    .   (no shield)
rNeg     . . .     Spirit   +   a - +0 robe
rPois    .         Reflect  .   (no helmet)
rElec    +         Harm     .   (no cloak)
rCorr    .         Rampage  .   (no gloves)
Will     .....                  (no boots)
Stlth    ++........             (no amulet)
HPRegen  0.12/turn              (no ring)
MPRegen  0.20/turn              (no ring)

@: no status effects
A: magic shield, magic regeneration
a: no special abilities


You were on level 5 of the Dungeon.
You visited 1 branch of the dungeon, and saw 5 of its levels.

You collected 81 gold pieces.
You spent 21 gold pieces at shops.

Inventory:

Armour
 a - a +0 robe (worn)
 b - a +1 leather armour of fire resistance
Magical Staves
 d - a staff of air (weapon)
Potions
 c - a potion of curing
 h - a potion of brilliance


   Skills:
 + Level 4.6 Fighting
 - Level 1.7 Dodging
 - Level 1.7 Stealth
 - Level 2.0 Spellcasting
 - Level 0.8 Transmutations
 - Level 3.0 Poison Magic


You had one spell level left.
You knew the following spells:

 Your Spells              Type           Power      Damage    Failure   Level
a - Sting                 Tmut/Pois      32%        1d4       9%          1
b - Poisonous Vapours     Pois/Air       20%        N/A       16%         2
c - Mephitic Cloud        Conj/Pois/Air  7%         N/A       36%         3

Your spell library contained the following spells:

 Spells                   Type           Power      Damage    Failure   Level
 Ozocubu's Armour         Ice            1%         N/A       50%         3
 Olgreb's Toxic Radiance  Pois           11%        N/A       50%         4
 Metabolic Englaciation   Hex/Ice        0%         N/A       99%         5
 Simulacrum               Ice/Necr       0%         N/A       100%        6


Dungeon Overview and Level Annotations

Branches:
Dungeon (5/15)
 Temple: D:4-7

Altars:

Shops:
D:2 (**(

Annotations:
D:5 exclusion: skeleton


Innate Abilities, Weirdness & Mutations

When hurt, damage is shared between your health and your magic reserves.
You regenerate magic rapidly.


Message History

Level annotation: exclusion: skeleton
There is a stone staircase leading up here.
Casting: Sting (safe; 9% risk of failure)
Confirm with . or Enter, or press ? or * to list all spells.
Aiming: Poisonous Vapours (safe; 16% risk of failure)
Press: ? - help, Dir - move target, f - orc warrior
Aim: an orc warrior, wielding a +0 long sword and wearing a +0 plate armour You feel a surge of power!
Poisonous vapours surround the orc warrior!
The orc warrior is poisoned.
The orc warrior hits you with a +0 long sword!
Casting: Poisonous Vapours (safe; 16% risk of failure)
Confirm with . or Enter, or press ? or * to list all spells.
Aiming: Poisonous Vapours (safe; 16% risk of failure)
Press: ? - help, Dir - move target, f/p - orc warrior
Aim: an orc warrior, wielding a +0 long sword and wearing a +0 plate armour (poisoned)
You feel a surge of power!
Poisonous vapours surround the orc warrior!
The orc warrior looks even sicker.
The orc warrior hits you with a +0 long sword!
Casting: Poisonous Vapours (safe; 16% risk of failure)
Confirm with . or Enter, or press ? or * to list all spells.
Aiming: Sting (safe; 9% risk of failure)
Press: ? - help, Shift-Dir - straight line, f/p - orc warrior
Aim: an orc warrior, wielding a +0 long sword and wearing a +0 plate armour (lightly wounded, poisoned, 68% to hit)
The sting hits the orc warrior.
The orc warrior looks even sicker.
The orc warrior is moderately wounded.
The orc warrior hits you with a +0 long sword!
* * * LOW HITPOINT WARNING * * *
The orc warrior looks more healthy.
Casting: Sting (safe; 9% risk of failure)
Confirm with . or Enter, or press ? or * to list all spells.
Aiming: Sting (safe; 9% risk of failure)
Press: ? - help, Shift-Dir - straight line, f/p - orc warrior
Aim: an orc warrior, wielding a +0 long sword and wearing a +0 plate armour (severely wounded, 68% to hit)
The sting misses the orc warrior.
The orc warrior hits you with a +0 long sword.
* * * LOW HITPOINT WARNING * * *
The orc warrior hits you with a +0 long sword!
You die...

##.## .. ... ##...# . ...
#....########## #.#.# #
#....##.......# .#.##.#
#.#####.#####.# ....
#.#####.#####.######.#
#.....#.##...........### #
#####.#.##o##.######...##.#
##.#.##@##<# ##.....#>#
##..........# #........#
#........#### #........#
##...##### #......... ##.##
##......## ### ##...#...
#....... #..####. #.>..# .


You could see an orc warrior.

Vanquished Creatures
  2 hounds (D:5)
  4 adders
  A dart slug (D:2)
  2 ball pythons
  6 endoplasms
  A giant cockroach (D:1)
  7 goblins
  3 hobgoblins
  2 quokkas (D:1)
  5 bats
  A frilled lizard (D:1)
  A kobold (D:1)
  A rat (D:2)
36 creatures vanquished.

Vanquished Creatures (others)
  A plant (D:5)
1 creature vanquished.

Grand Total: 37 creatures vanquished

Notes
Turn   | Place    | Note
-------+----------+-------------------------------------------
     0 | D:1      | inmateoo the Demonspawn Venom Mage began the quest for the
                  | Orb.
     0 | D:1      | Reached XP level 1. HP: 13/13 MP: 3/3
    60 | D:1      | Reached skill level 1 in Fighting
   236 | D:1      | Found a faded altar of an unknown god.
   255 | D:1      | Gained mutation: You regenerate magic rapidly. [demonic
                  | ancestry]
   255 | D:1      | Reached XP level 2. HP: 22/22 MP: 0/5
   413 | D:1      | Reached skill level 2 in Fighting
   509 | D:1      | Learned a level 2 spell: Poisonous Vapours
   709 | D:2      | Reached XP level 3. HP: 23/28 MP: 1/6
   789 | D:2      | Found Mauroblu's Antique Weapon Boutique.
   965 | D:2      | Reached skill level 3 in Fighting
  1405 | D:2      | Found Cupunet's Assorted Antiques.
  1411 | D:2      | Bought a scroll labelled KELARU PISO for 21 gold pieces
  1426 | D:2      | Found Deryt's Weapon Shoppe.
  1466 | D:2      | Found Pihokhlie's General Store.
  1561 | D:2      | Learned a level 3 spell: Mephitic Cloud
  1729 | D:3      | You fall into a shaft and drop 1 floor!
  1750 | D:4      | Noticed an orc warrior
  1755 | D:5      | Entered Level 5 of the Dungeon
  1772 | D:5      | HP: 1/29 [hound (3)]
  1774 | D:5      | Gained mutation: When hurt, damage is shared between your
                  | health and your magic reserves. [demonic ancestry]
  1774 | D:5      | Reached XP level 4. HP: 1/37 MP: 0/7
  2173 | D:5      | Reached skill level 4 in Fighting
  2495 | D:4      | Noticed an orc warrior
  2540 | D:5      | Slain by an orc warrior

Illustrated notes

Levels and vault maps discovered:
D:1:      lemuel_arrival_hallway, layout_basic,
          hellmonk_ecumenical_altar_pennies_from_heaven
D:2:      layout_loops_ring, serial_shops, shop, nicolae_shop_trees, shop, shop,
          minmay_quantized
D:3:      layout_loops_ring, lemuel_tele_altar, jmf_multi_god_temple,
          minivault_11, chequers_big_river, uniq_natasha, uniq_sigmund
D:4:      layout_cave_pools, chequers_temple_overflow_statue_of_worship,
          grunt_decor_mini_mirrors, minmay_manual_mail
D:5:      layout_loops_cross, eat_drink_and_be_merry_uskayaw,
          guppyfry_early_lair_pool

Skill      XL: |  1  2  3  4 |
---------------+-------------+-----
Fighting       | 1 2 3 4 |  4.6
Dodging        | |  1.7
Stealth        | |  1.7
Spellcasting   | |  2.0
Transmutations | |  0.8
Poison Magic   | |  3.0

Action                   |  1- 3 |  4- 6 || total
-------------------------+-------+-------++-------
Melee: Unarmed           |     3 |       ||     3
       Staff             |    37 |     3 ||    40
 Cast: Sting             |    66 |    13 ||    79
       Poisonous Vapours |     2 |     2 ||     4
  Use: Scroll            |     4 |       ||     4
       Potion            |     2 |       ||     2
Armor: Robe              |    22 |     1 ||    23
Dodge: Dodged            |    67 |    11 ||    78
